 Dungeon Crawl Stone Soup version 0.30-a0-341-g682706514a (webtiles) character file.

Game seed: 3801619105382494175

462 NinjaNoafa the Nimble (level 7, -5/52 HPs)
             Began as a Merfolk Gladiator on Nov 3, 2022.
             Killed by divine providence
             ... invoked by an orc priest
              (12 damage)
             ... on level 4 of the Dungeon.
             The game lasted 00:06:00 (3334 turns).

NinjaNoafa the Nimble (Merfolk Gladiator)           Turns: 3334, Time: 00:06:00

Health: -5/52      AC:  5    Str: 11 (14) XL:     7   Next: 7%
Magic:  7/7        EV: 15    Int:  5 (8)  God:
Gold:   247        SH:  0    Dex: 16 (17) Spells: 6/6 levels left

rFire   . . .      SeeInvis .    o - +2 dagger (protect)
rCold   . . .      Faith    .    (no shield)
rNeg    . . .      Spirit   .    b - +0 leather armour
rPois   +          Reflect  .    c - +0 helmet
rElec   .          Harm     .    (no cloak)
rCorr   .          Rampage  .    (no gloves)
Will    .....                    z - +0 pair of boots
Stlth   +.........               (no amulet)
HPRegen 0.28/turn                v - ring of poison resistance
MPRegen 0.10/turn                y - ring of flight

@: mighty, flying, hasted, very quick
A: (nimble swimmer 2), mertail
a: no special abilities


You were on level 4 of the Dungeon.
You visited 1 branch of the dungeon, and saw 4 of its levels.

You collected 247 gold pieces.

Inventory:

Hand Weapons
 o - a +2 dagger of protection (weapon)
Missiles
 d - 3 throwing nets
 e - 7 javelins (quivered)
 h - 24 stones
 m - 16 poisoned darts
 n - 2 boomerangs
Armour
 b - a +0 leather armour (worn)
 c - a +0 helmet (worn)
 z - a +0 pair of boots (worn)
Jewellery
 t - a +6 ring of intelligence
 v - a ring of poison resistance (left hand)
 y - a ring of flight (right hand)
Scrolls
 j - 3 scrolls of enchant weapon {unknown}
 l - a scroll of immolation {unknown}
 p - 2 scrolls of teleportation {unknown}
 q - 3 scrolls of identify {unknown}
 r - a scroll of vulnerability {unknown}
 s - a scroll of fear {unknown}
 u - a scroll of magic mapping {unknown}
 B - a scroll of poison {unknown}
Potions
 a - a potion of mutation {unknown}
 f - a potion of curing {unknown}
 g - a potion of brilliance {unknown}
 i - 2 potions of flight
 k - 2 potions of might
 w - a potion of cancellation {unknown}
 x - 2 potions of haste
 A - 3 potions of degeneration
 C - 2 potions of attraction {unknown}


   Skills:
 - Level 3.0 Fighting
 + Level 6.2 Short Blades
 - Level 2.0 Throwing
 + Level 8.1 Dodging


You had 6 spell levels left.
You didn't know any spells.
Your spell library contained the following spells:

 Spells                   Type           Power      Damage    Failure   Level
 Gell's Gravitas          Tloc           0%         N/A       91%         3
 Teleport Other           Tloc           0%         N/A       91%         3
 Dispersal                Tloc           0%         N/A       100%        6


Dungeon Overview and Level Annotations

Branches:
Dungeon (4/15)
 Temple: D:4-7

Altars:

Shops:
D:3 *


Innate Abilities, Weirdness & Mutations

((You are very nimble when in or above water. (Stealth+, EV+, Speed+++)))
Your lower body shifts to a powerful aquatic tail in water.


Message History

The orc priest hits you but does no damage.
You hit the orc priest but do no damage.
You hit the orc priest.
The orc priest is lightly wounded.
The orc priest closely misses you.
You hit the orc priest but do no damage.
Your punch misses the orc priest.
The orc priest is lightly wounded.
The orc priest misses you.
You hit the orc priest but do no damage.
The orc priest is lightly wounded.
You hit the orc priest but do no damage.
The orc priest is lightly wounded.
The orc priest hits you but does no damage.
You hit the orc priest but do no damage.
The orc priest is lightly wounded.
The orc priest completely misses you.
You hit the orc priest but do no damage.
The orc priest is lightly wounded.
The kobold hits you with a +0 whip.
The orc priest invokes the aid of Beogh against you.
Pain shoots through your body!
* * * LOW HITPOINT WARNING * * *
You closely miss the orc priest.
The orc priest is lightly wounded.
It was a potion of degeneration.
There was something very wrong with that liquid.
You feel weakened.
You feel dopey.
You feel clumsy. The kobold hits you but does no damage.
The orc priest barely misses you.
It was a potion of might.
You feel very mighty all of a sudden. The kobold hits you but does no damage.
The orc priest barely misses you.
It was a potion of flight.
You feel more buoyant. The kobold misses you. The orc priest misses you.
It was a potion of haste.
You feel yourself speed up. The kobold hits you but does no damage.
The orc priest invokes the aid of Beogh against you.
Beogh smites you!
You die...

.......#.~ .......⌠.~
##. .......# #..
.......# ##.. .).....##
...# #. ........##~
...#... ###.....###⌠##
.....[.
#.#.###...#...###K......
.##.# #.### #..@o......
#...# #)#### #.#####....
#...# #....#+#...# .
....# ##......##.# .#.##
#......# .# ...#
#......# . .### #......#
#. ## #......# ..
#......# ..


You could see an orc priest and a kobold.

Vanquished Creatures
  2 necrophages (D:4)
  2 scorpions (D:4)
  An orc priest (D:4)
  An iguana (D:4)
  3 gnolls (D:3)
  5 adders
  2 ufetubi
  2 dart slugs
  9 orcs
  8 ball pythons
  6 bats
  8 endoplasms
  3 giant cockroaches
  10 goblins
  2 hobgoblins
  3 jackals (D:4)
  6 kobolds
  3 quokkas
  2 frilled lizards (D:1)
  3 rats
81 creatures vanquished.

Vanquished Creatures (others)
  An orc wizard (D:4)
1 creature vanquished.

Grand Total: 82 creatures vanquished

Notes
Turn   | Place    | Note
-------+----------+-------------------------------------------
     0 | D:1      | NinjaNoafa the Merfolk Gladiator began the quest for the
                  | Orb.
     0 | D:1      | Reached XP level 1. HP: 16/16 MP: 1/1
   270 | D:1      | Reached XP level 2. HP: 22/22 MP: 2/2
  1018 | D:1      | Reached XP level 3. HP: 27/27 MP: 3/3
  1023 | D:1      | Reached skill level 5 in Short Blades
  1288 | D:2      | Found a faded altar of an unknown god.
  1781 | D:2      | Reached skill level 5 in Dodging
  1781 | D:2      | Reached XP level 4. HP: 32/33 MP: 4/4
  2369 | D:3      | Found Duugh's Assorted Antiques.
  2377 | D:3      | Reached skill level 6 in Dodging
  2776 | D:4      | Reached XP level 5. HP: 38/38 MP: 5/5
  2840 | D:4      | Reached skill level 7 in Dodging
  3010 | D:4      | Reached XP level 6. HP: 17/45 MP: 6/6
  3121 | D:4      | Reached skill level 8 in Dodging
  3312 | D:4      | Reached XP level 7. HP: 48/52 MP: 7/7
  3334 | D:4      | Killed from afar by an orc priest

Illustrated notes

Levels and vault maps discovered:
D:1:      psy_arrival_radial02, layout_basic, serial_curves, eino_curves_01,
          eino_curves_01
D:2:      layout_loops_cross, hellmonk_ecumenical_altar_slurped_away,
          kennysheep_cluttered_room
D:3:      layout_basic, serial_shops, shop, wad_floor_pattern_1
D:4:      layout_basic, xom_redecorated, minmay_vboxes

Skill      XL: |  1  2  3  4  5  6 |
---------------+-------------------+-----
Short Blades   | 4 5 6 |  6.2
Dodging        | 5 6 7 8 |  8.1
Fighting       | 3 |  3.0
Throwing       | |  2.0

Action                   |  1- 3 |  4- 6 |  7- 9 || total
-------------------------+-------+-------+-------++-------
Melee: Rapier            |    49 |       |       ||    49
       Dagger            |    41 |   299 |    17 ||   357
       Short sword       |     7 |       |       ||     7
       Punch             |       |     5 |       ||     5
Throw: Javelin           |    12 |     4 |       ||    16
  Use: Potion            |       |       |     4 ||     4
 Stab: Sleeping          |     1 |       |       ||     1
Armor: Leather armour    |    29 |   110 |     8 ||   147
Dodge: Dodged            |    75 |   239 |     7 ||   321

Table legend: (Time is in decaauts)
 A = Elapsed time spent in this place.
 B = Non-inter-level travel time spent in this place.
 C = Inter-level travel time spent in this place.
 D = Time resting spent in this place.
 E = Time spent auto-exploring this place.
 F = Levels seen in this place.
 G = Mean time per level.
                   A        B        C        D        E       F      G
               +--------+--------+--------+--------+--------+-----+--------+
         Total |   3241 |   3145 |     96 |      0 |   2411 |   4 |  810.2 |
       Dungeon |   3241 |   3145 |     96 |      0 |   2411 |   4 |  810.2 |
               +--------+--------+--------+--------+--------+-----+--------+

Top non-repeatable levels by time:
     D:1: 1108 daAuts
     D:3: 840 daAuts
     D:2: 769 daAuts
     D:4: 523 daAuts
